 Dungeon Crawl Stone Soup version 0.29.1-12-g30fa7ad0bf (webtiles) character file.

Game seed: 2775072611247996645

78 xian the Sneak (level 4, -1/34 HPs)
             Began as a Demonspawn Brigand on Dec 13, 2022.
             Was a Priest of Jiyva.
             Constricted to death by Ijyb (3 damage)
             ... on level 3 of the Dungeon.
             The game lasted 00:04:11 (1853 turns).

xian the Sneak (Demonspawn Brigand)                 Turns: 1853, Time: 00:04:12

Health: -1/34      AC:  2    Str: 13    XL:     4   Next: 15%
Magic:  4/4        EV:  9    Int: 13    God:    Jiyva [***...]
Gold:   63         SH:  0    Dex: 14    Spells: 3/3 levels left

rFire   . . .      SeeInvis .   a - +2 dagger
rCold   . . .      Faith    .   (no shield)
rNeg    . . .      Spirit   .   b - +0 robe
rPois   .          Reflect  .   (helmet restricted)
rElec   .          Harm     .   c - +0 cloak
rCorr   +          Rampage  .   (no gloves)
Will    +....                   (no boots)
Stlth   +++.......              h - amulet of the acrobat
HPRegen 1.23/turn               f - ring of willpower
MPRegen 0.44/turn               (no ring)

@: grasped by roots, constricted
A: antennae 1, ignite blood 1, pseudopods 3
a: Renounce Religion, Oozemancy


You were on level 3 of the Dungeon.
You worshipped Jiyva.
Jiyva was most pleased with you.
You visited 1 branch of the dungeon, and saw 3 of its levels.

You collected 63 gold pieces.

Inventory:

Hand Weapons
 a - a +2 dagger (weapon)
Missiles
 d - 13 poisoned darts (quivered)
 e - 3 curare-tipped darts
Armour
 b - a +0 robe (worn)
 c - a +0 cloak (worn)
Jewellery
 f - a ring of willpower (left hand)
 h - an amulet of the acrobat (around neck)
Scrolls
 i - a scroll of enchant armour {unknown}
 k - 3 scrolls of enchant weapon {unknown}
 l - a scroll of amnesia {unknown}
 o - a scroll of noise {unknown}
Potions
 g - 2 potions of curing {unknown}
 j - a potion of might {unknown}
 m - a potion of attraction {unknown}
 n - a potion of cancellation {unknown}


   Skills:
 + Level 2.4 Fighting
 + Level 2.4 Short Blades
 + Level 1.8 Throwing
 + Level 1.8 Dodging
 + Level 4.4 Stealth


You had 3 spell levels left.
You didn't know any spells.
Your spell library contained the following spells:

 Spells                   Type           Power      Damage    Failure   Level
 Olgreb's Toxic Radiance  Pois           0%         N/A       97%         4
 Ozocubu's Refrigeration  Ice            0%         4d7       100%        7
 Ignition                 Fire           0%         3d3       100%        8


Dungeon Overview and Level Annotations

Branches:
Dungeon (3/15)

Altars:
Jiyva

Annotations:
D:3 Grinder, Ijyb


Innate Abilities, Weirdness & Mutations

You have a pair of small antennae on your head.
Your demonic aura sometimes causes spilled blood to erupt in flames.
Armour fits poorly on your massive pseudopods.


Message History

The roots erupt in riotous growth!
The grasping roots grab you! The grasping roots constrict you.
You escape the roots grasp.
There is a stone staircase leading up here.
Ijyb zaps a wand.
The roots erupt in riotous growth!
The grasping roots grab you! The grasping roots constrict you.
There is a stone staircase leading up here.
You escape the roots grasp.
A frilled lizard comes into view.
Ijyb zaps a wand.
The roots erupt in riotous growth!
The grasping roots grab you! The grasping roots constrict you.
The frilled lizard moves out of view.
There is a stone staircase leading up here.
You escape the roots grasp.
The dart slug launches a dart at you. The slug dart hits you.
Ijyb completely misses you.
You hit Ijyb.
Ijyb is moderately wounded.
You hit Ijyb. Your bludgeon misses Ijyb.
Ijyb is moderately wounded.
Ijyb zaps a wand.
The roots erupt in riotous growth!
The grasping roots grab you!
Ijyb is unaffected.
The grasping roots constrict you.
You hear a distant slurping noise.
You hit Ijyb. Your bludgeon misses Ijyb.
Ijyb is moderately wounded.
Ijyb hits you with a +5 club. The grasping roots constrict you.
The dart slug launches a dart at you. The slug dart hits you.
The dart slug launches a dart at you. The slug dart hits you.
* * * LOW HITPOINT WARNING * * *
You hit Ijyb but do no damage.
Ijyb is moderately wounded.
Ijyb hits you with a +5 club.
* * * LOW HITPOINT WARNING * * *
The grasping roots constrict you.
You die...

###.#..#..##......## #
#.#>.#..##.#....#
###.#..#..........##
...................#
..w.w..#...###..#..#####
.......................#
.##.##.#...#w##.......#
............w.lg...#####
.##.##.#......w.@.)....#
.##.##.#.....####<.#####
....##.#.....####..#
.#####.............#
..................)#
.###.##.......####.###
#.................)..#
####.......#...###.#.#
.>...##....#...###.#.#


You could see Ijyb, 3 dart slugs and a frilled lizard.

Vanquished Creatures
  2 adders (D:3)
  A worm (D:2)
  2 dart slugs
  An orc (D:3)
  2 endoplasms (D:1)
  2 giant cockroaches
  6 goblins
  3 hobgoblins
  10 jackals
  6 kobolds
  2 quokkas
  3 ball pythons
  A bat (D:2)
  A frilled lizard (D:1)
  4 rats
46 creatures vanquished.

Vanquished Creatures (others)
  An endoplasm (D:2)
  A hobgoblin (D:2)
  A ball python (D:1)
  A bat (D:3)
  A goblin (D:3)
5 creatures vanquished.

Grand Total: 51 creatures vanquished

Notes
Turn   | Place    | Note
-------+----------+-------------------------------------------
     0 | D:1      | xian the Demonspawn Brigand began the quest for the Orb.
     0 | D:1      | Reached XP level 1. HP: 16/16 MP: 1/1
   148 | D:1      | Reached skill level 4 in Stealth
   154 | D:1      | Gained mutation: Your demonic aura sometimes causes spilled
                  | blood to erupt in flames. [demonic ancestry]
   154 | D:1      | Reached XP level 2. HP: 13/22 MP: 2/2
   342 | D:1      | Reached skill level 1 in Dodging
   555 | D:1      | Found a faded altar of an unknown god.
   565 | D:1      | Prayed at the altar of an unknown god.
   565 | D:1      | Became a worshipper of Jiyva Jaiga the Shapeless
   565 | D:1      | Reached * piety under Jiyva
   853 | D:1      | Reached XP level 3. HP: 17/27 MP: 3/3
   897 | D:1      | Reached ** piety under Jiyva
  1644 | D:2      | Reached *** piety under Jiyva
  1790 | D:3      | Gained mutation: Armour fits poorly on your pseudopods.
                  | [Jiyva's grace]
  1790 | D:3      | Gained mutation: Armour fits poorly on your large
                  | pseudopods. [Jiyva's grace]
  1790 | D:3      | Gained mutation: Armour fits poorly on your massive
                  | pseudopods. [Jiyva's grace]
  1790 | D:3      | Gained mutation: You have a pair of small horns on your
                  | head. [Jiyva's grace]
  1808 | D:3      | Lost mutation: You have a pair of small horns on your head.
                  | [demonic ancestry]
  1808 | D:3      | Gained mutation: You have a pair of small antennae on your
                  | head. [demonic ancestry]
  1808 | D:3      | Reached XP level 4. HP: 31/34 MP: 4/4
  1818 | D:3      | Noticed Ijyb
  1825 | D:3      | Noticed Grinder
  1853 | D:3      | Constricted to death by Ijyb

Illustrated notes

Levels and vault maps discovered:
D:1:      minmay_arrival_plants_in_alcoves, layout_basic,
          hellmonk_ecumenical_altar_run_dry, st_stairs_6,
          minmay_misc_feat_secret_circle
D:2:      layout_basic
D:3:      kennysheep_slugbush, layout_basic, uniq_ijyb, uniq_grinder

Skill      XL: |  1  2 |
---------------+-------+-----
Stealth        | 4 |  4.4
Dodging        | 1 |  1.8
Short Blades   | 2 |  2.4
Fighting       | |  2.4
Throwing       | |  1.8

Action                   |  1- 3 |  4- 6 || total
-------------------------+-------+-------++-------
Melee: Dagger            |   159 |     8 ||   167
       Pseudopods        |     2 |       ||     2
 Stab: Sleeping          |     4 |       ||     4
Armor: Robe              |    36 |       ||    36
Dodge: Dodged            |   110 |    10 ||   120
